 Dungeon Crawl Stone Soup version 0.29.1-15-g9cfb28693d (webtiles) character file.

Game seed: 3260658084978740366

4 H0rd4k the Charlatan (level 1, 0/15 HPs)
             Began as a Human Artificer on Apr 17, 2023.
             Succumbed to an adder's poison
             ... on level 2 of the Dungeon.
             The game lasted 00:00:36 (527 turns).

H0rd4k the Charlatan (Human Artificer)               Turns: 527, Time: 00:00:36

Health: 0/15       AC:  3    Str: 12    XL:     1   Next: 77%
Magic:  10/10      EV: 11    Int: 11    God:
Gold:   18         SH:  0    Dex: 13    Spells: 0/0 levels left

rFire   . . .      SeeInvis .   a - +0 club
rCold   . . .      Faith    .   (no shield)
rNeg    . . .      Spirit   .   b - +0 leather armour
rPois   .          Reflect  .   (no helmet)
rElec   .          Harm     .   (no cloak)
rCorr   .          Rampage  .   (no gloves)
Will    .....                   (no boots)
Stlth   +.........              (no amulet)
HPRegen 0.05/turn               i - ring of magical power
MPRegen 0.12/turn               (no ring)

@: lethally poisoned (0 -> -2)
A: no striking features
a: no special abilities


You were on level 2 of the Dungeon.
You visited 1 branch of the dungeon, and saw 2 of its levels.

You collected 18 gold pieces.

Inventory:

Hand Weapons
 a - a +0 club (weapon)
Armour
 b - a +0 leather armour (worn)
Jewellery
 i - a ring of magical power (left hand)
Wands
 c - a wand of flame (14) (quivered)
 d - a wand of charming (15)
 e - a wand of iceblast (5)
Potions
 f - a potion of mutation {unknown}
 g - a potion of degeneration {unknown}
 h - a potion of haste {unknown}


   Skills:
 + Level 1.0 Fighting
 - Level 2.0 Armour
 + Level 1.0 Dodging
 + Level 1.0 Stealth
 + Level 3.3 Evocations


You couldn't memorise any spells.
You didn't know any spells.
Your spell library was empty.

Dungeon Overview and Level Annotations

Branches:
Dungeon (2/15)

Altars:


Message History

The bat hits you. The adder barely misses you.
You closely miss the adder. The bat hits you but does no damage.
The adder bites you but does no damage. The adder barely misses you.
The bat misses you.
You hit the adder.
The adder is moderately wounded.
The bat hits you but does no damage. The adder bites you.
You barely miss the adder.
The adder is moderately wounded.
The bat misses you. The adder bites you but does no damage. The bat misses you.
The adder barely misses you.
You hit the adder but do no damage.
The adder is moderately wounded.
The bat barely misses you. The adder bites you. The adder barely misses you.
You closely miss the adder.
The adder is moderately wounded.
The bat hits you but does no damage. The adder bites you.
The adder bites you but does no damage.
You hit the adder.
The adder is heavily wounded.
The bat hits you but does no damage. The bat hits you.
The adder completely misses you.
You hit the adder but do no damage.
The adder is heavily wounded.
The bat hits you. The adder bites you.
* * * LOW HITPOINT WARNING * * *
You are lethally poisoned!
The adder poisons you! The adder bites you.
* * * LOW HITPOINT WARNING * * *
You hit the adder.
The adder is almost dead.
* * * LOW HITPOINT WARNING * * *
You feel sick. The bat barely misses you.
The adder bites you but does no damage. The adder misses you.
Aiming: Throw Flame
Press: ? - help, Shift-Dir - straight line, f - adder
Aim: an adder (almost dead, 53% to hit)
The puff of flame hits the adder!
You kill the adder!
You die...

................#..
.................###.
........# #......... .
.#....### #...###.# ..
.#...######...##..###...
........................
.#########..............
.#####...#..............
....##...#......@†......
....##...#......b..:....
....##...#..........(.##
....##...#............#
....##...#............#
....##<..#............#
....##...#............#
.........#............#
.#####...#


You could see a bat.

Vanquished Creatures
  An adder (D:2)
  A hobgoblin (D:1)
  A bat (D:2)
  2 kobolds (D:1)
  A rat (D:1)
6 creatures vanquished.

Vanquished Creatures (others)
  2 plants (D:1)
2 creatures vanquished.

Grand Total: 8 creatures vanquished

Notes
Turn   | Place    | Note
-------+----------+-------------------------------------------
     0 | D:1      | H0rd4k the Human Artificer began the quest for the Orb.
     0 | D:1      | Reached XP level 1. HP: 15/15 MP: 1/1
   527 | D:2      | Succumbed to an adder's poison

Illustrated notes

Levels and vault maps discovered:
D:1:      lemuel_arrival_broad_hall, layout_rooms, basic_ecumenical_altar,
          serial_bayou_pond_c
D:2:      layout_basic, fountainhead

Action                   || total
-------------------------++-------
Melee: Club              ||    33
Evoke: Wand              ||     1
Armor: Leather armour    ||    34
Dodge: Dodged            ||    43
